Map: 뉴 리퍼그넌시 - 래더

Players

Clem

  • Race: Terran Terran
  • Spawn Location: 7:00

Keen - Winner!

  • Race: Terran Terran
  • Spawn Location: 1:00

Event: IEM Season 13: Katowice (2019)

VOD

Have the link to the VOD?

Description

Time

  • Played on: Feb. 25, 2019, 4:33 a.m.
  • Length: 9:42

All games in this series

Show
View Real Time Build Order
Export as new Build Order

Clem Terran 

Build Orders:  

Get SALT Encoding   

  12  0:00  SCV  
  13  0:12  SCV  
  14  0:17  Supply Depot  
  14  0:25  SCV  
  15  0:30  Refinery  
  15  0:39  SCV  
  16  0:44  Barracks  
  16  0:51  SCV  
  16  0:54  Refinery  
  17  1:03  SCV  
  18  1:16  SCV  
  19  1:31  Orbital Command, Reaper  
  20  1:37  Factory  
  20  1:46  Supply Depot  
  20  1:57  SCV  
  21  2:03  Reaper  
  22  2:10  SCV  
  23  2:21  Hellion  
  23  2:22  SCV  
  26  2:31  Command Center  
  26  2:36  SCV  
  27  2:42  Starport  
  27  2:44  Factory Tech Lab  
  27  2:48  Barracks Tech Lab  
  27  2:51  SCV  
  28  2:55  Supply Depot  
  28  3:04  Cyclone  
  31  3:14  Barracks Reactor  
  31  3:16  SCV  
  32  3:28  SCV  
  32  3:29  Refinery  
  32  3:32  Raven  
  35  3:36  Hellion  
  35  3:40  SCV  
  38  3:43  Orbital Command  
  38  3:52  Marine x2  
  38  3:53  SCV  
  41  3:58  Siege Tank  
  44  4:05  SCV  
  41  4:10  SCV  
  41  4:12  Marine x2  
  41  4:17  SCV  
  41  4:20  Supply Depot  
  41  4:22  SCV  
  43  4:28  Raven  
  43  4:29  SCV  
  43  4:30  Marine x2  
  48  4:35  Siege Tank  
  48  4:36  SCV  
  52  4:43  Supply Depot, SCV  
  53  4:47  Marine x2  
  53  4:48  SCV  
  56  4:59  Command Center, SCV  
  57  5:01  SCV  
  58  5:07  Siege Tank  
  58  5:13  SCV  
  62  5:14  SCV  
  62  5:16  Supply Depot  
  62  5:19  Viking  
  62  5:21  Viking  
  67  5:27  SCV, Marine  
  68  5:37  SCV, Refinery  
  68  5:41  SCV  
  68  5:42  Siege Tank  
  71  5:44  Marine  
  71  5:48  Supply Depot  
  72  5:52  Viking  
  72  5:54  Viking  
  72  5:56  Stimpack  
  76  5:57  SCV  
  76  6:01  SCV  
  78  6:05  Supply Depot  
  78  6:11  Orbital Command  
  78  6:13  SCV x2  
  78  6:16  Siege Tank  
  78  6:17  Liberator  
  83  6:23  Engineering Bay  
  83  6:24  Engineering Bay  
  84  6:25  SCV  
  84  6:28  Viking  
  86  6:33  Supply Depot  
  86  6:37  SCV x2  
  89  6:42  SCV, Marine  
  91  6:53  Terran Infantry Weapons Level 1  
  91  6:54  Barracks  
  91  6:55  Terran Infantry Armor Level 1  
  91  7:00  Marine  
  91  7:01  SCV  
  92  7:10  Barracks  
  92  7:11  SCV  
  92  7:12  Supply Depot, Barracks  
  92  7:13  Barracks  
  92  7:14  SCV  
  94  7:16  Siege Tank  
  97  7:27  Supply Depot, Marine  
  97  7:29  Medivac x2  
  101  7:36  Supply Depot, SCV x2  
  100  7:44  Barracks Tech Lab  
  100  7:45  Barracks Reactor, Marine  
  100  7:48  Orbital Command, Siege Tank  
  100  7:50  Supply Depot  
  103  7:57  Combat Shield  
  103  7:59  SCV x2  
  103  8:02  Marine  
  103  8:03  Marine  
  104  8:11  SCV  
  105  8:13  Barracks Reactor  
  105  8:14  SCV  
  105  8:15  Marine  
  108  8:20  Marine x2, Siege Tank  
  108  8:23  Marine  
  108  8:25  Marine  
  108  8:30  Medivac  
  103  8:34  Supply Depot  
  103  8:36  Barracks Reactor  
  103  8:38  Barracks Reactor, Marine  
  103  8:41  Marine  
  103  8:43  Marine  
  103  8:45  Supply Depot  
  105  8:51  Marine x2  
  105  8:52  Medivac, Siege Tank  
  111  8:56  Marine  
  111  8:58  SCV  
  111  8:59  Marine  
  111  9:01  Marine  
  113  9:04  Medivac  
  113  9:09  Marine x2  
  116  9:14  Marine  
  116  9:15  Marine x2  
  117  9:17  Marine  
Show
View Real Time Build Order
Export as new Build Order

Keen Terran - Winner!

Build Orders:  

Get SALT Encoding   

  12  0:01  SCV  
  13  0:13  SCV  
  14  0:17  Supply Depot  
  14  0:25  SCV  
  14  0:27  Refinery  
  15  0:38  SCV  
  16  0:44  Barracks  
  16  0:50  SCV  
  16  0:54  Refinery  
  17  1:03  SCV  
  18  1:15  SCV  
  19  1:31  Orbital Command  
  19  1:32  Reaper  
  20  1:34  Factory  
  20  1:46  Supply Depot  
  20  1:56  SCV  
  21  2:04  Reaper  
  22  2:08  SCV  
  23  2:18  Hellion  
  25  2:23  Command Center  
  25  2:27  SCV  
  26  2:38  Barracks Reactor  
  26  2:40  Hellion  
  26  2:42  Starport  
  28  2:45  SCV  
  28  2:50  Supply Depot  
  29  2:57  SCV  
  30  3:01  Factory Tech Lab  
  30  3:09  SCV  
  31  3:14  Marine x2  
  31  3:19  Cyclone, Starport Tech Lab  
  36  3:22  SCV  
  37  3:27  Refinery  
  37  3:33  Marine x2  
  39  3:37  Orbital Command  
  39  3:40  SCV  
  40  3:44  Raven  
  42  3:53  SCV  
  43  3:55  Marine  
  43  3:56  Marine  
  43  4:00  Siege Tank  
  48  4:09  SCV  
  47  4:10  SCV  
  47  4:16  Marine x2  
  50  4:17  Supply Depot  
  50  4:21  SCV  
  50  4:22  SCV  
  52  4:37  SCV x2  
  54  4:38  Siege Tank  
  54  4:40  Supply Depot  
  54  4:41  Starport Reactor  
  54  4:48  Marine  
  54  4:49  Stimpack  
  54  4:51  SCV x2  
  57  4:59  Barracks  
  57  5:03  SCV x2, Barracks  
  57  5:06  Marine  
  60  5:11  Refinery  
  60  5:12  Siege Tank  
  63  5:16  SCV x2  
  65  5:24  Supply Depot  
  65  5:28  Starport Reactor, SCV x2  
  67  5:33  Marine  
  68  5:40  SCV x2  
  69  5:43  Engineering Bay  
  69  5:45  Siege Tank  
  69  5:48  Supply Depot  
  72  5:51  Marine x2  
  72  5:52  SCV x2  
  72  5:54  Marine  
  77  6:02  Marine  
  78  6:09  Supply Depot, Marine  
  78  6:10  Medivac x2  
  78  6:11  Supply Depot  
  83  6:14  Terran Infantry Weapons Level 1  
  83  6:16  Marine  
  83  6:18  Marine  
  85  6:19  Marine  
  86  6:27  Supply Depot  
  86  6:31  SCV x2  
  86  6:32  Marine x2  
  90  6:34  Marine  
  90  6:35  Siege Tank  
  93  6:40  Medivac  
  93  6:41  Medivac  
  97  6:47  Marine  
  97  6:48  Marine  
  97  6:50  Combat Shield  
  97  6:52  Marine  
  97  6:53  Marine x2  
  102  6:55  Supply Depot  
  101  7:03  Command Center  
  101  7:04  SCV  
  101  7:06  Marine  
  103  7:10  Siege Tank  
  103  7:12  SCV  
  107  7:16  SCV  
  107  7:17  Medivac x2  
  107  7:21  Marine x2  
  114  7:24  Supply Depot  
  114  7:27  Supply Depot  
  114  7:32  SCV  
  114  7:33  Supply Depot  
  114  7:38  Marine x2  
  114  7:44  Engineering Bay, Armory  
  116  7:46  Siege Tank  
  116  7:48  SCV  
  120  7:52  Medivac  
  120  7:55  SCV  
  123  8:04  Marine x2  
  125  8:08  SCV x2  
  127  8:14  Barracks  
  127  8:16  Barracks  
  127  8:26  SCV x2  
  129  8:29  Siege Tank  
  129  8:30  Orbital Command  
  131  8:34  Medivac x2  
  131  8:35  Marine x4  
  131  8:39  SCV  
  131  8:40  SCV  
  141  8:43  Supply Depot  
  141  8:52  Marine  
  141  8:53  Marine  
  141  8:54  SCV  
  141  8:55  Marine x2  
  144  9:00  Marine  
  147  9:10  Marine, Siege Tank  
  147  9:11  Marine  
  147  9:13  Marine x2  
  147  9:14  Barracks Reactor x2  
  147  9:15  SCV x2  
  147  9:16  SCV  
  157  9:18  Refinery x2  

Tags
 
Add a new tag
Caveats
  • Supply blocks, unpowered buildings, or Contaminate may cause inaccurate times.
  • Supply counts are checked every 10 seconds.